AoeStats
← Eimer

Arena

505306375Analyzed
3v3 RM · 25d ago on Sep 8, 2026· 57m 35s· 6 players
Game mode
Random Map
Map size
Normal (6 player)
Population
200
Speed
Normal
Resources
Standard
Victory
Conquest
Starting age
Dark Age
Ending age
Imperial Age
RankedLock teamsTeams togetherTeam positionsShared explorationLock speedFull tech treeHidden civsTurbo modeCheats
Victory
Defeat
🇺🇸 Georgians · United States
895
+16
🇨🇳 Persians · China
890
+16
🇹🇷 Maya · Türkiye
886
+16
🇩🇪 Portuguese · Germany
920
-17
🇩🇪 Vikings · Germany
907
-17
🇩🇪 Cumans · Germany
834
-23
maximusthefirst
2:03 Loom
10:41 Feudal Age
12:11 Wheelbarrow
11:24 Double-Bit Axe
11:58 Horse Collar
21:05 Castle Age
19:14 Stone Mining
21:37 Gold Mining
22:12 Hand Cart
22:11 Bow Saw
22:04 Heavy Plow
23:58 Town Watch
26:18 Stone Shaft Mining
26:03 Scale Barding Armor
26:09 Forging
25:50 Fletching
27:45 Town Patrol
28:44 Murder Holes
29:45 Ballistics
30:01 Svan Towers
32:39 Treadmill Crane
33:10 Masonry
33:11 Fortified Wall
33:01 Bodkin Arrow
33:27 Chain Barding Armor
34:26 Iron Casting
37:29 Imperial Age
35:19 Bloodlines
35:11 Husbandry
35:33 Light Cavalry
38:49 Crop Rotation
39:30 Chemistry
38:36 Siege Engineers
39:02 Architecture
38:18 Arrowslits
38:47 Aznauri Cavalry
39:04 Conscription
39:25 Hoardings
38:54 Elite Monaspa
40:45 Bracer
41:47 Blast Furnace
42:07 Plate Barding Armor
41:03 Hussar
42:27 Cavalier
45:04 Guard Tower
48:35 Keep
demir perde
0:30 Loom
10:14 Feudal Age
10:44 Double-Bit Axe
10:40 Horse Collar
15:38 Castle Age
14:47 Double-Bit Axe
14:42 Horse Collar
16:55 Bow Saw
16:55 Heavy Plow
22:39 Wheelbarrow
25:35 Town Watch
31:32 Imperial Age
29:20 Hand Cart
29:57 Town Patrol
29:51 Fletching
30:02 Padded Archer Armor
30:41 Forging
30:31 Scale Mail Armor
31:12 Ballistics
30:59 Murder Holes
31:22 Fortified Wall
33:19 Conscription
33:05 Gold Mining
33:05 Stone Mining
35:02 Crossbowman
35:30 Eagle Warrior
36:11 Squires
36:03 Arbalester
36:48 Thumb Ring
37:56 Bodkin Arrow
38:37 Iron Casting
38:34 Guilds
39:05 Hoardings
37:55 Elite Plumed Archer
41:19 Stone Shaft Mining
40:47 Bracer
41:03 Leather Archer Armor
42:16 Chain Mail Armor
42:45 Iron Casting
43:34 Arson
45:32 Chemistry
44:43 Masonry
45:21 Ring Archer Armor
45:52 Blast Furnace
44:17 Elite Eagle Warrior
45:49 Plate Mail Armor
45:08 Elite Eagle Warrior
45:10 Pikeman
46:35 Holcans
46:45 Hoardings
45:46 Halberdier
48:20 Crop Rotation
48:56 Two-Man Saw
1627684093
0:51 Loom
14:00 Feudal Age
16:24 Double-Bit Axe
16:21 Horse Collar
22:24 Castle Age
21:49 Bloodlines
26:50 Bow Saw
32:54 Heavy Plow
33:41 Town Watch
40:05 Imperial Age
38:57 Wheelbarrow
38:22 Town Patrol
39:06 Scale Barding Armor
39:12 Forging
41:34 Chemistry
40:45 Masonry
41:13 Hand Cart
40:58 Town Patrol
41:24 Gold Mining
41:24 Stone Mining
41:11 Cavalier
41:52 Husbandry
43:23 Chain Barding Armor
43:39 Iron Casting
48:15 Gold Shaft Mining
48:16 Stone Shaft Mining
52:09 Pikeman
52:50 Squires
53:01 Halberdier
54:37 Plate Barding Armor
55:02 Blast Furnace
54:03 Scale Mail Armor
56:25 Light Cavalry
Eimer
12:48 Feudal Age
13:33 Double-Bit Axe
13:31 Horse Collar
23:50 Castle Age
24:26 Wheelbarrow
23:37 Loom
25:42 Bow Saw
25:36 Heavy Plow
28:49 Hand Cart
28:20 Town Watch
29:08 Bloodlines
28:22 Light Cavalry
29:50 Caravan
32:43 Imperial Age
30:46 Gold Mining
30:46 Stone Mining
31:23 Scale Barding Armor
31:30 Forging
35:31 Two-Man Saw
35:05 Crop Rotation
35:13 Gold Shaft Mining
34:36 Hussar
36:00 Chain Barding Armor
36:55 Coinage
37:07 Plate Barding Armor
37:24 Iron Casting
40:17 Blast Furnace
39:27 Cavalier
41:54 Chemistry
41:17 Ballistics
41:44 Banking
43:43 Town Patrol
45:03 Paladin
54:40 Murder Holes
oToemsn
10:47 Feudal Age
9:12 Loom
11:52 Man-at-Arms
19:21 Castle Age
19:32 Double-Bit Axe
19:29 Horse Collar
23:34 Pikeman
27:45 Wheelbarrow
39:57 Imperial Age
37:46 Hand Cart
37:17 Town Watch
38:01 Forging
37:58 Scale Mail Armor
40:11 Heavy Plow
40:24 Bow Saw
40:01 Halberdier
45:43 Chemistry
48:58 Iron Casting
48:39 Chain Mail Armor
54:16 Elite Organ Gun
BUSTO
11:29 Feudal Age
15:47 Castle Age
14:21 Horse Collar
14:30 Double-Bit Axe
18:39 Bow Saw
20:36 Stone Mining
21:01 Heavy Plow
23:04 Gold Mining
27:10 Gold Shaft Mining
29:24 Imperial Age
27:38 Forging
27:29 Scale Mail Armor
28:49 Iron Casting
29:03 Chain Mail Armor
28:46 Crossbowman
30:11 Ballistics
30:31 Conscription
31:25 Chemistry
31:33 Plate Mail Armor
31:24 Squires
32:35 Arbalester
33:21 Bogsveigar
33:55 Fletching
34:08 Padded Archer Armor
34:53 Hoardings
38:04 Murder Holes
37:55 Arrowslits
38:17 Siege Engineers
38:25 Bodkin Arrow
38:46 Leather Archer Armor
40:11 Pikeman
41:18 Capped Ram
42:52 Bracer
43:22 Ring Archer Armor
42:43 Siege Ram
53:01 Elite Skirmisher
Connection lost

Rejoining the realm…

Still unreachable

The connection could not be restored.

Session expired

The server has moved on; the page needs a fresh start.